 Dungeon Crawl Stone Soup version 0.28-a0-1638-g9123634e07 (webtiles) character file.

Game seed: 650383728240275569

21 porpoise the Insei (level 2, 0/22 HPs)
             Began as a Demonspawn Transmuter on Jan 26, 2022.
             Slain by a white imp (2 damage)
             ... summoned by Natasha
             ... on level 2 of the Dungeon.
             The game lasted 00:02:15 (654 turns).

porpoise the Insei (Demonspawn Transmuter)           Turns: 654, Time: 00:02:16

Health: 0/22       AC:  2    Str: 10    XL:     2   Next: 65%
Magic:  3/5        EV: 12    Int: 14    God:
Gold:   101        SH:  0    Dex: 13    Spells: 4/5 levels left

rFire   . . .      SeeInvis .     - Unarmed
rCold   . . .      Faith    .   (no shield)
rNeg    . . .      Spirit   .   a - +0 robe
rPois   .          Reflect  .   (helmet currently unavailable)
rElec   .          Harm     .   (no cloak)
rCorr   .          Rampage  .   (no gloves)
Will    +....                   (boots currently unavailable)
Stlth   +.........              (no amulet)
HPRegen 0.07/turn               b - ring of willpower
MPRegen 0.09/turn               (no ring)

@: appendages (expiring)
A: horns 2, talons 2, powered by death 1
a: End Transformation


You were on level 2 of the Dungeon.
You had temporarily grown beastly horns and talons.
You visited 1 branch of the dungeon, and saw 2 of its levels.

You collected 101 gold pieces.

Inventory:

Missiles
 d - 38 stones
Armour
 a - a +0 robe (worn)
 f - a +1 pair of boots (melded)
Jewellery
 b - a ring of willpower (left hand)
Potions
 c - a potion of brilliance {unknown}
 e - a potion of curing {unknown}


   Skills:
 + Level 2.0 Fighting
 - Level 1.7 Dodging
 + Level 3.2 Unarmed Combat
 - Level 2.0 Spellcasting
 - Level 1.7 Transmutations


You had 4 spell levels left.
You knew the following spells:

 Your Spells              Type           Power      Damage    Failure   Level
a - Beastly Appendage     Tmut           12%        N/A       12%         1

Your spell library contained the following spells:

 Spells                   Type           Power      Damage    Failure   Level
 Wereblood                Tmut           6%         N/A       17%         2
 Spider Form              Tmut/Pois      3%         N/A       45%         3
 Ice Form                 Ice/Tmut       3%         N/A       86%         4


Dungeon Overview and Level Annotations

Branches:
Dungeon (2/15)

Altars:

Annotations:
D:2 Natasha


Innate Abilities, Weirdness & Mutations

You have temporarily grown beastly horns and talons.
You regenerate a little health from kills.


Message History

Natasha hisses angrily.
Casting: Beastly Appendage (safe; 12% risk of failure)
Confirm with . or Enter, or press ? or * to list all spells.
You grow a pair of large bovine horns.
Your feet morph into talons.
Your +1 pair of boots melds into your body.
You closely miss the ball python. You claw the ball python.
You kill the ball python!
You hit Natasha.
Natasha is lightly wounded.
Natasha mumbles some strange words.
You hit Natasha. Your kick misses Natasha.
Natasha is moderately wounded.
Natasha casts a spell.
The white imp gestures at you. The puff of frost misses you.
You closely miss Natasha.
Natasha is moderately wounded.
Natasha mumbles some strange words.
Natasha glows brightly for a moment.
Natasha claws you. The white imp barely misses you.
The white imp gestures at you. The puff of frost misses you.
You closely miss Natasha. Your kick misses Natasha.
Natasha is moderately wounded.
Your transformation is almost over.
Natasha stares at you and mumbles some strange words.
You resist with almost no effort.
You completely miss Natasha. Your kick misses Natasha.
Your headbutt misses Natasha.
Natasha is moderately wounded.
The white imp puffs mist at you. The white imp hits you.
The white imp freezes you. The white imp hits you. The white imp freezes you.
* * * LOW HITPOINT WARNING * * *
Natasha claws you.
* * * LOW HITPOINT WARNING * * *
Your magical contamination has completely faded away.
You barely miss Natasha. Your headbutt misses Natasha.
Natasha is moderately wounded.
The white imp barely misses you. The white imp hits you.
You die...

#...# . ...# . ... #
... # ####.# # #####
[...# # #...# #.h# #
#.#.# #5@# ####.#.#
#5.# ..#....# #..#
...†#..########..######
...###..).......^......
....#..########.#######
..#....# #.# .###.#.#
#.# ####.#.########.#


You could see Natasha and 2 white imps.

Vanquished Creatures
  An adder (D:2)
  A dart slug (D:1)
  2 bats (D:1)
  A hobgoblin (D:1)
  A quokka (D:1)
  A ball python (D:2)
  2 frilled lizards (D:1)
  3 rats
12 creatures vanquished.

Notes
Turn   | Place    | Note
-------+----------+-------------------------------------------
     0 | D:1      | porpoise the Demonspawn Transmuter began the quest for the
                  | Orb.
     0 | D:1      | Reached XP level 1. HP: 15/15 MP: 3/3
   216 | D:1      | Reached skill level 3 in Unarmed Combat
   342 | D:1      | Gained mutation: You regenerate a little health from kills.
                  | [demonic ancestry]
   342 | D:1      | Reached XP level 2. HP: 21/21 MP: 3/5
   576 | D:2      | Found a faded altar of an unknown god.
   644 | D:2      | Noticed Natasha
   654 | D:2      | Slain by a white imp

Illustrated notes

Levels and vault maps discovered:
D:1:      dpeg_arrival_line_fractal, layout_basic, minivault_24
D:2:      layout_loops_ring, shapermc_ecumenical_altar_totnotflames,
          uniq_natasha

Skill      XL: |  1  2 |
---------------+-------+-----
Unarmed Combat | 3 |  3.2
Fighting       | 2 |  2.0
Dodging        | |  1.7
Spellcasting   | |  2.0
Transmutations | |  1.7

Action                   || total
-------------------------++-------
Melee: Unarmed           ||    34
       Kick              ||     6
       Headbutt          ||     4
 Cast: Beastly Appendage ||    10
Armor: Robe              ||     2
Dodge: Dodged            ||    25

Table legend: (Time is in decaauts)
 A = Elapsed time spent in this place.
 B = Non-inter-level travel time spent in this place.
 C = Inter-level travel time spent in this place.
 D = Time resting spent in this place.
 E = Time spent auto-exploring this place.
 F = Levels seen in this place.
 G = Mean time per level.
                   A        B        C        D        E       F      G
               +--------+--------+--------+--------+--------+-----+--------+
         Total |    651 |    637 |     14 |     58 |    461 |   2 |  325.5 |
       Dungeon |    651 |    637 |     14 |     58 |    461 |   2 |  325.5 |
               +--------+--------+--------+--------+--------+-----+--------+

Top non-repeatable levels by time:
     D:1: 510 daAuts
     D:2: 141 daAuts
